 Dungeon Crawl Stone Soup version 0.29-a0-284-gf9362112df (webtiles) character file.

Game seed: 4546921798971939591

23611 Zonian the Covert (level 12, 0/74 HPs)
             Began as a Demonspawn Ice Elementalist on Mar 30, 2022.
             Was an Elder of Ashenzari.
             Slain by a minotaur
             ... wielding a +5 battleaxe of venom
              (9 damage)
             ... in a Gauntlet.
             The game lasted 00:44:53 (20296 turns).

Zonian the Covert (Demonspawn Ice Elementalist)    Turns: 20296, Time: 00:45:01

Health: 0/74       AC:  7    Str:  9    XL:     12   Next: 73%
Magic:  15/24      EV: 25    Int: 25    God:    Ashenzari [****..]
Gold:   272        SH:  9    Dex: 23    Spells: 6/28 levels left

rFire   . . .      SeeInvis +   j - +6 dagger (elec)
rCold   . . .      Faith    .   (no shield)
rNeg    . . .      Spirit   .   a - +1 robe of Supernal Knowledge {Elem, Melee} (curse)
rPois   .          Reflect  +   P - +2 hat "Lashed Together" {Stlth+, Elem, Comp} (curse)
rElec   .          Harm     .   m - +0 cloak "Astrological Stickiness" {Dex+4, Evo, Comp} (curse)
rCorr   .          Rampage  .   K - +0 pair of gloves "Ennui of Ashenzari" {Dex+3, Alch, Range} (curse)
Will    .....      Clarity  +   (no boots)
Stlth   ++++++.... NoTele   +   l - amulet of Desmomancy {Reflect SH+5, Cun, Evo} (curse)
HPRegen 0.22/turn               N - +6 ring of intelligence
MPRegen 0.19/turn               J - ring "Bound Apathy" {Wiz, Range, Alch} (curse)

@: freezing walls, repel missiles
A: antennae 2, repulsion field 3, condensation shield, demonic magic 1
a: Renounce Religion, Curse Item, Shatter the Chains


You were in a Gauntlet.
You worshipped Ashenzari.
Ashenzari was greatly pleased with you.
You visited 2 branches of the dungeon, and saw 13 of its levels.
You also visited: Ossuary and Gauntlet.

You collected 812 gold pieces.
You spent 540 gold pieces at shops.

Inventory:

Hand Weapons
 d - a +4 whip
 j - a +6 dagger of electrocution (weapon)
 k - a +0 rapier
 q - the +8 long sword of Zonian's Peril {drain, Fly rElec Dex-4}
   (You found it on level 4 of the Dungeon)

   A truly terrible weapon, it drains the life of any living foe it strikes.
   Dex:       It affects your dexterity (-4).
   rElec:     It insulates you from electricity.
   Fly:       It grants you flight.
 s - a +4 trident of distortion
 z - a +5 dagger of freezing
 F - a +1 short sword of venom
 O - a +2 short sword of speed
Missiles
 x - 10 javelins
 H - a throwing net
Armour
 a - the cursed +1 robe of Supernal Knowledge (worn) {Elem, Melee}

   It has a curse which improves the following skills: Elements: Fire Magic, Ice
   Magic, Air Magic and Earth Magic.
   Melee Combat: Short Blades, Long Blades, Axes, Maces & Flails, Polearms,
   Staves and Unarmed Combat.
 m - the cursed +0 cloak "Astrological Stickiness" (worn) {Dex+4, Evo, Comp}
   (You acquired it on level 3 of the Dungeon)

   Dex:       It affects your dexterity (+4).
   It has a curse which improves the following skills: Evocations: Evocations.
   Companions: Summonings and Necromancy.
 B - +0 steam dragon scales
 K - the cursed +0 pair of gloves "Ennui of Ashenzari" (worn) {Dex+3, Alch, Range}
   (You bought it in a shop on level 10 of the Dungeon)

   It has a curse which improves the following skills: Alchemy: Poison Magic and
   Transmutations.
   Ranged Combat: Slings, Bows, Crossbows and Throwing.
 P - the cursed +2 hat "Lashed Together" (worn) {Stlth+, Elem, Comp}
   (You found it on level 1 of the Lair of Beasts)

   It has a curse which improves the following skills: Elements: Fire Magic, Ice
   Magic, Air Magic and Earth Magic.
   Companions: Summonings and Necromancy.
Jewellery
 l - the cursed amulet of Desmomancy (around neck) {Reflect SH+5, Cun, Evo}
   (You found it on level 2 of the Dungeon)

   [amulet of reflection]

   It reflects blocked missile attacks.
   SH:        It affects your SH (+5).
   It has a curse which improves the following skills: Cunning: Dodging and
   Stealth.
   Evocations: Evocations.
 t - a ring of resist corrosion
 J - the cursed ring "Bound Apathy" (right hand) {Wiz, Range, Alch}
   (You bought it in a shop on level 10 of the Dungeon)

   [ring of wizardry]

   It improves your spell success rate.
   It has a curse which improves the following skills: Ranged Combat: Slings,
   Bows, Crossbows and Throwing.
   Alchemy:   Poison Magic and Transmutations.
 N - a +6 ring of intelligence (left hand)
 R - a ring of willpower
 T - a ring of wizardry
 U - a +4 ring of evasion
Wands
 p - a wand of mindburst (26)
 y - a wand of iceblast (3)
 A - a wand of polymorph (9)
 G - a wand of charming (13)
 M - a wand of digging (11)
Scrolls
 c - 3 scrolls of magic mapping
 i - a scroll of teleportation
 u - 2 scrolls of brand weapon
 w - 3 scrolls of amnesia
 C - a scroll of enchant armour
 I - a scroll of fog
Potions
 b - 2 potions of heal wounds
 e - 4 potions of berserk rage
 f - 4 potions of brilliance
 g - 8 potions of might
 h - a potion of degeneration
 n - 2 potions of ambrosia
 o - 2 potions of cancellation
 r - a potion of flight
 v - 3 potions of curing
 D - a potion of haste
 E - 2 potions of mutation
 L - a potion of invisibility
 S - a potion of magic
Miscellaneous
 Q - a lightning rod (inert)


   Skills:
 + Level 7.6(9.6) Short Blades
 + Level 8.5(10.5) Dodging
 + Level 9.2(11.2) Stealth
 + Level 8.5 Spellcasting
 + Level 7.5 Conjurations
 + Level 9.0(12.0) Ice Magic
 + Level 4.4(7.2) Air Magic
 + Level 2.0(4.2) Poison Magic


You had 6 spell levels left.
You knew the following spells:

 Your Spells              Type           Power      Damage    Failure   Level
a - Freeze                Ice            100%       1d11      1%          1
b - Frozen Ramparts       Ice            100%       1d12      1%          3
c - Ozocubu's Armour      Ice            63%        N/A       1%          3
d - Hailstorm             Conj/Ice       56%        3d12      1%          4
e - Swiftness             Air            46%        N/A       1%          3
f - Airstrike             Air            23%        N/A       1%          4
g - Olgreb's Toxic Radia  Pois           31%        N/A       4%          4

Your spell library contained the following spells:

 Spells                   Type           Power      Damage    Failure   Level
 Animate Skeleton         Necr           24%        N/A       1%          1
 Magic Dart               Conj           100%       1d8       1%          1
 Shock                    Conj/Air       100%       1d9       1%          1
 Sting                    Tmut/Pois      88%        1d7       1%          1
 Summon Small Mammal      Summ           48%        N/A       1%          1
 Ensorcelled Hibernation  Hex/Ice        80%        N/A       1%          2
 Poisonous Vapours        Pois/Air       78%        N/A       1%          2
 Mephitic Cloud           Conj/Pois/Air  42%        N/A       1%          3
 Apportation              Tloc           20%        N/A       2%          1
 Spider Form              Tmut/Pois      22%        N/A       2%          3
 Call Imp                 Summ           12%        N/A       3%          2
 Lightning Bolt           Conj/Air       23%        1d39      3%          5
 Summon Lightning Spire   Summ/Air       29%        N/A       4%          4
 Portal Projectile        Hex/Tloc       20%        N/A       7%          3
 Anguish                  Hex/Necr       5%         N/A       21%         4
 Blade Hands              Tmut           6%         N/A       45%         5
 Excruciating Wounds      Necr           6%         N/A       45%         5


Dungeon Overview and Level Annotations

Branches:
Dungeon (10/15)            Temple (0/1) D:4            Lair (3/6) D:10
  Swamp (0/4) Lair:2          Orc (0/2) D:9         Ossuary (visited)
Gauntlet (1/1)
  Snake: Lair:2-4    Spider: Lair:2-4

Altars:
Ashenzari
Cheibriados
Dithmenos
Fedhas
Gozag
Hepliaklqana
Makhleb
Ru
Sif Muna
Trog
Uskayaw
Yredelemnul
The Shining One

Shops:
D:4 *   D:10 [=(?*

Annotations:
D:3 1 runed translucent door, Crazy Yiuf
D:10 1 runed translucent door, being54's ghost, novice SpEn Gauntlet 16 runed translucent doors, 4 transporters


Innate Abilities, Weirdness & Mutations

You have a pair of antennae on your head.
You are surrounded by a strong repulsion field. (EV +4, RMsl)
A meltable shield of frost defends you. (SH +4)
Spells you cast may paralyse adjacent enemies.


Message History

The minotaur is heavily wounded.
Unknown command.
You closely miss the minotaur.
The minotaur furiously retaliates!
The minotaur headbutts you, but does no damage.
The minotaur is heavily wounded.
The minotaur resists.
The wall freezes the minotaur.
The minotaur hits you with a +5 battleaxe of venom!!
* * * LOW HITPOINT WARNING * * *
You are lethally poisoned!
The minotaur closely misses you.
You feel better.
The minotaur resists.
The wall freezes the minotaur.
You block the minotaur's attack. The minotaur misses you.
Unknown command.
Aiming: Thunderbolt
Press: ? - help, Shift-Dir - straight line, f - minotaur
Aim: a minotaur, wielding a +5 battleaxe of venom, wearing +0 gold dragon scales, wearing a ring of poison resistance and quivering javelins (heavily wounded)
The thunderbolt hits the minotaur.
The minotaur is heavily wounded.
The lightning rod overheats!
The minotaur resists.
The wall freezes the minotaur.
You block the minotaur's attack. The minotaur gores you.
You hit the minotaur.
The minotaur is severely wounded.
Casting: Frozen Ramparts (safe; 1% risk of failure)
Confirm with . or Enter, or press ? or * to list all spells.
Aiming: Airstrike (dangerous; 1% risk of failure)
Press: ? - help, Dir - move target, f/p - minotaur
Aim: a minotaur, wielding a +5 battleaxe of venom, wearing +0 gold dragon scales, wearing a ring of poison resistance and quivering javelins (severely wounded, empty space bonus: 2/8)
The air twists around and strikes the minotaur.
The minotaur is severely wounded.
Malevolent energies surge around you.
The minotaur resists.
The wall freezes the minotaur.
You block the minotaur's attack. The minotaur completely misses you.
You hit the minotaur but do no damage.
The minotaur is severely wounded.
The minotaur resists.
The wall freezes the minotaur.
The minotaur hits you with a +5 battleaxe of venom!
* * * LOW HITPOINT WARNING * * *
The minotaur gores you!
You die...

.#.#h#..#..#...## , ,
#{#.#.#.#..#.8.., , *
........#..#...#.*..,,
#########..#...#. H#
###* *
..........≈#.©.#.,.#8.8=
..........∩#...###.'..,,
∩ ..........≈#.©.#...#8
#########..#...#H#.#####
** ,,,.X#..#...#@#.....#
*** *^X#..#.8........8#
,,,,*#.#..#...###.##.##
^ #.#..#.8......., ,
.#..#...## ####* * *
##..#≈8≈# , ##..##### ^
©#., ,, ## ,**


You could see a minotaur.

Vanquished Creatures
  A boulder beetle (D:7)
  3 hydras
  A catoblepas (Lair:2)
  Nergalle (Lair:1)
  A deep troll (Lair:2)
  A swamp dragon (Lair:2)
  Maurice (D:8)
  5 black mambas
  Joseph (Lair:1)
  Maggie (D:8)
  9 cane toads
  A rime drake (Lair:3)
  6 komodo dragons
  A tengu conjurer (Gauntlet)
  A troll (D:10)
  3 polar bears
  Prince Ribbit (D:8)
  2 hornets
  2 blink frogs (Lair:3)
  A centaur simulacrum (Gauntlet)
  2 wyverns
  20 yaks
  A basilisk (Lair:3)
  A warg (D:9)
  An acid dragon (D:10)
  7 water moccasins
  A sky beast (D:6)
  3 black bears
  A meliai simulacrum (Gauntlet)
  4 orc warriors
  An ice beast (D:5)
  3 ogres
  5 wolves (Lair:3)
  A centaur (D:9)
  2 phantoms
  A kobold brigand (D:8)
  2 gnoll sergeants
  11 bullfrogs
  2 necrophages
  6 scorpions
  8 wights
  7 water moccasin zombies (Ossuary)
  6 killer bees (D:9)
  4 howler monkeys
  A wyvern simulacrum (Gauntlet)
  4 hounds
  A jelly (D:4)
  5 orc priests
  A gnoll shaman (D:5)
  Jessica (D:2)
  11 iguanas
  11 orc wizards
  2 mummies (Ossuary)
  8 gnolls
  5 adders
  2 river rats (D:10)
  A white imp (D:6)
  2 adder zombies (Ossuary)
  4 worms
  4 dart slugs
  34 orcs
  7 bats
  9 endoplasms
  5 giant cockroaches
  2 gnoll zombies (Ossuary)
  12 goblins
  3 hobgoblins
  8 jackals
  3 quokkas
  7 ball pythons
  7 frilled lizards
  3 hobgoblin zombies (Ossuary)
  16 kobolds
  4 kobold zombies (Ossuary)
  7 orc zombies (Ossuary)
  10 rats
343 creatures vanquished.

Vanquished Creatures (others)
  21 fungi
  48 plants
69 creatures vanquished.

Grand Total: 412 creatures vanquished

Notes
Turn   | Place    | Note
-------+----------+-------------------------------------------
     0 | D:1      | Zonian the Demonspawn Ice Elementalist began the quest for
                  | the Orb.
     0 | D:1      | Reached XP level 1. HP: 13/13 MP: 3/3
   418 | D:1      | Gained mutation: A meltable shield of frost defends you.
                  | (SH +4) [demonic ancestry]
   418 | D:1      | Reached XP level 2. HP: 5/19 MP: 5/5
  1601 | D:1      | Reached XP level 3. HP: 22/24 MP: 6/6
  2104 | D:1      | Learned a level 3 spell: Frozen Ramparts
  2109 | D:1      | Found a faded altar of an unknown god.
  2126 | D:1      | Prayed at the altar of an unknown god.
  2126 | D:1      | Became a worshipper of Ashenzari the Shackled
  2757 | D:2      | Gained mutation: You are surrounded by a mild repulsion
                  | field. (EV +2) [demonic ancestry]
  2757 | D:2      | Reached XP level 4. HP: 21/30 MP: 5/8
  3339 | D:2      | Noticed Jessica
  3345 | D:2      | Killed Jessica
  3951 | D:3      | Gained mutation: You are surrounded by a moderate repulsion
                  | field. (EV +3) [demonic ancestry]
  3951 | D:3      | Reached XP level 5. HP: 34/35 MP: 9/9
  4024 | D:3      | Found a hide-covered altar of Uskayaw.
  4552 | D:3      | Found a shimmering blue altar of Sif Muna.
  4587 | D:3      | Found a burning altar of Makhleb.
  4594 | D:3      | Found a sacrificial altar of Ru.
  4894 | D:3      | Found a runed translucent door.
  4895 | D:3      | Noticed Crazy Yiuf
  5012 | D:3      | Identified a scroll of acquirement
  5012 | D:3      | Acquired the +0 cloak "Duofiuj" {Dex+4}
  5404 | D:4      | Noticed a phantom
  5421 | D:4      | Killed a phantom
  5549 | D:4      | Found a snail-covered altar of Cheibriados.
  5570 | D:4      | Found Edunad's Mass Market.
  5740 | D:4      | Found a staircase to the Ecumenical Temple.
  5779 | D:4      | Reached * piety under Ashenzari
  5947 | D:4      | Reached XP level 6. HP: 41/41 MP: 11/11
  6302 | D:4      | Identified the +8 long sword of Zonian's Peril {drain, Fly
                  | rElec Dex-4}
  6510 | D:4      | Learned a level 3 spell: Ozocubu's Armour
  6655 | D:4      | Reached ** piety under Ashenzari
  6665 | D:5      | Entered Level 5 of the Dungeon
  7322 | D:5      | Reached skill level 1 in Short Blades
  7322 | D:5      | Reached XP level 7. HP: 32/46 MP: 12/12
  7381 | D:5      | Reached skill level 5 in Ice Magic
  7526 | D:5      | Found a broken altar of Ashenzari.
  7610 | D:5      | Gained mutation: Spells you cast may paralyse adjacent
                  | enemies. [demonic ancestry]
  7610 | D:5      | Reached XP level 8. HP: 29/52 MP: 11/14
  7918 | D:5      | Found a shadowy altar of Dithmenos.
  8340 | D:6      | Reached skill level 5 in Stealth
  8427 | D:6      | Learned a level 4 spell: Hailstorm
  8804 | D:6      | Reached skill level 5 in Spellcasting
  8804 | D:6      | Reached skill level 1 in Conjurations
  8953 | D:6      | Found a blossoming altar of Fedhas.
  9038 | D:6      | Reached skill level 5 in Dodging
  9572 | D:7      | Reached XP level 9. HP: 57/57 MP: 16/16
  9803 | D:7      | Noticed a boulder beetle
  9813 | D:7      | Killed a boulder beetle
 10248 | D:8      | Found a sand-covered staircase.
 10249 | D:8      | Noticed Prince Ribbit
 10255 | D:8      | Killed Prince Ribbit
 10258 | Ossuary  | Entered an ossuary
 11114 | D:8      | Noticed Maggie
 11272 | D:8      | Killed Maggie
 11349 | D:8      | Gained mutation: You are surrounded by a strong repulsion
                  | field. (EV +4, RMsl) [demonic ancestry]
 11349 | D:8      | Reached XP level 10. HP: 42/63 MP: 19/19
 11710 | D:8      | Noticed Maurice
 11737 | D:8      | Killed Maurice
 11745 | D:8      | Reached skill level 5 in Short Blades
 11931 | D:8      | Found a bloodstained altar of Trog.
 12107 | D:9      | Found a staircase to the Orcish Mines.
 12603 | D:9      | Reached skill level 5 in Conjurations
 13134 | D:9      | Found a hazy altar of Hepliaklqana.
 13134 | D:9      | Found a basalt altar of Yredelemnul.
 13285 | D:10     | Entered Level 10 of the Dungeon
 13296 | D:10     | Found Ydonus's Jewellery Emporium.
 13312 | D:10     | Bought a ring of wizardry for 420 gold pieces
 13334 | D:10     | Found Ownounon's Antique Armour Shoppe.
 13454 | D:10     | Bought a pair of glowing gloves for 120 gold pieces
 13679 | D:10     | Noticed a death yak
 13687 | D:10     | Noticed a death yak
 13688 | D:10     | Noticed a death yak
 13730 | D:10     | Found Gibucwei's Weapon Emporium.
 13748 | D:10     | Found Enach's Assorted Antiques.
 13765 | D:10     | Found Rym Kaop's Magic Scroll Shop.
 13854 | D:10     | Found an opulent altar of Gozag.
 13990 | D:10     | Reached *** piety under Ashenzari
 14048 | D:10     | Gained mutation: You have a pair of small antennae on your
                  | head. [demonic ancestry]
 14048 | D:10     | Reached XP level 11. HP: 68/68 MP: 21/21
 14130 | D:10     | Found a runed translucent door.
 14130 | D:10     | Noticed being54's ghost (novice SpEn)
 14130 | D:10     | Identified the Reference Book on Stones
 14498 | D:10     | Learned a level 3 spell: Swiftness
 14930 | D:10     | Found a staircase to the Lair.
 14939 | Lair:1   | Entered Level 1 of the Lair of Beasts
 15040 | Lair:1   | Noticed a five-headed hydra
 15081 | Lair:1   | Killed a five-headed hydra
 15082 | Lair:1   | Reached skill level 1 in Air Magic
 15453 | Lair:1   | Noticed Joseph
 15481 | Lair:1   | Killed Joseph
 15801 | Lair:1   | Noticed a six-headed hydra
 15821 | Lair:1   | Killed a six-headed hydra
 15894 | Lair:1   | Reached **** piety under Ashenzari
 16921 | Lair:1   | Noticed Nergalle
 16945 | Lair:1   | Killed Nergalle
 17387 | Lair:2   | Noticed a four-headed hydra
 17501 | Lair:2   | Gained mutation: You have a pair of antennae on your head.
                  | [demonic ancestry]
 17501 | Lair:2   | Reached XP level 12. HP: 47/74 MP: 20/23
 18024 | Lair:2   | Noticed a catoblepas
 18047 | Lair:2   | Killed a catoblepas
 18204 | Lair:2   | Found a staircase to the Swamp.
 18306 | Lair:2   | Killed a four-headed hydra
 18891 | Lair:2   | Learned a level 4 spell: Airstrike
 18896 | Lair:2   | Learned a level 4 spell: Olgreb's Toxic Radiance
 19249 | Lair:3   | Reached skill level 1 in Poison Magic
 19674 | Lair:3   | Found a gate leading to a gauntlet.
 19679 | Gauntlet | Entered a Gauntlet
 19679 | Gauntlet | Found a large runed translucent door.
 19679 | Gauntlet | Found a large runed translucent door.
 19679 | Gauntlet | Found a large runed translucent door.
 19679 | Gauntlet | Found a large runed translucent door.
 19679 | Gauntlet | Found a large runed translucent door.
 19679 | Gauntlet | Found a large runed translucent door.
 19679 | Gauntlet | Found a large runed translucent door.
 19679 | Gauntlet | Found a large runed translucent door.
 19679 | Gauntlet | Found a runed translucent door.
 19679 | Gauntlet | Found a runed translucent gate.
 19679 | Gauntlet | Found a transporter.
 19679 | Gauntlet | Found a transporter.
 19679 | Gauntlet | Found a runed translucent gate.
 19679 | Gauntlet | Found a transporter.
 19685 | Gauntlet | Found a runed translucent door.
 19686 | Gauntlet | Found a large runed translucent door.
 19686 | Gauntlet | Found a large runed translucent door.
 19686 | Gauntlet | Found a large runed translucent door.
 19686 | Gauntlet | Found a large runed translucent door.
 19687 | Gauntlet | Found a large runed translucent door.
 19687 | Gauntlet | Found a large runed translucent door.
 19688 | Gauntlet | Found a large runed translucent door.
 19688 | Gauntlet | Found a large runed translucent door.
 19724 | Gauntlet | Found a transporter.
 19726 | Gauntlet | Found a transporter.
 19774 | Gauntlet | Found a runed translucent gate.
 19780 | Gauntlet | Found a transporter.
 19790 | Gauntlet | Found a transporter.
 19794 | Gauntlet | Found a transporter.
 19804 | Gauntlet | Found a transporter.
 19804 | Gauntlet | Identified the +1 pair of gloves of the Mauling Gods {-Tele
                  | Str+4 Int+6}
 19820 | Gauntlet | Noticed a tengu warrior
 20266 | Gauntlet | Found a transporter.
 20268 | Gauntlet | Noticed a minotaur
 20296 | Gauntlet | Slain by a minotaur

Illustrated notes

Levels and vault maps discovered:
D:1:      lemuel_arrival_rhombus, layout_basic,
          dreamdust_ecumenical_altar_angels_and_demons
D:2:      minmay_angry_zag, layout_basic, serial_bayou_lagoon_a, uniq_jessica
D:3:      layout_loops_ring, lemuel_coloured_pillars_altar,
          kennysheep_orc_sif_temple, minitemple, uniq_crazy_yiuf_cottage
D:4:      layout_basic, slow_altar_1, minmay_temple_entry_trees,
          minmay_shop_mass, chequers_serial_rivers_large_a, glass_columns_b,
          lemuel_another_geyser
D:5:      layout_cave_pools, mainiacjoe_overflow_catwalk, grunt_dithmenos_smoke
D:6:      layout_rooms, nicolae_tso_swordbearing_angel, general_overflow_altar,
          minmay_misc_feat_tower
D:7:      layout_basic
D:8:      layout_basic, trog_butcher_becter, nicolae_ossuary_entry_monument,
          uniq_maggie, uniq_maurice, uniq_prince_ribbit1
D:9:      layout_roguey, gammafunk_temple_overflow_statue, david_orc_3,
          enter_bailey_5
D:10:     layout_roguey, mainiacjoe_overflow_concentric_impassable,
          dpeg_lair_monsters, serial_shops, nicolae_stop_n_shop_1,
          nicolae_shop_waterfront, nicolae_take_the_stairs,
          nicolae_shop_waterfront, nicolae_stop_n_shop_1,
          hellmonk_ghost_big_iron, minivault_23
Lair:1:   beast_lair_carwin_large_3, layout_hall_layers,
          small_statue_intersection, grunt_megastairs_1, uniq_nergalle,
          uniq_joseph
Lair:2:   dreamdust_cave_troll, layout_small_grid, minmay_swamp_entry_reptiles,
          serial_bayou_shore_a, grunt_megastairs_2
Lair:3:   layout_misc_corridors, spider_nest_entry_rubble,
          gauntlet_entry_generic, grunt_megastairs_3
Gauntlet: gammafunk_gauntlet_hard_choice [gammafunk_gauntlet_arena_split_x,
          minmay_gauntlet_arena_make_your_own_arena,
          nicolae_gauntlet_arena_flowing_pool,
          gammafunk_gauntlet_arena_split_diamond,
          gammafunk_gauntlet_arena_spirals, gammafunk_gauntlet_arena_grid,
          nicolae_gauntlet_exit_dead_adventurers]

Skill      XL: |  1  2  3  4  5  6  7  8  9 10 11 12 |
---------------+-------------------------------------+-----
Stealth        | 2 3 4 5 6 7 8 9 |  9.2
Dodging        | 2 3 4 5 6 7 8 |  8.5
Ice Magic      | 4 5 6 7 8 9 |  9.0
Spellcasting   | 3 4 5 6 7 8 |  8.5
Short Blades   | 1 2 3 4 5 6 7 |  7.6
Conjurations   | 1 3 5 6 7 |  7.5
Air Magic      | 3 4 |  4.4
Poison Magic   | 2 |  2.0

Action                   |  1- 3 |  4- 6 |  7- 9 | 10-12 || total
-------------------------+-------+-------+-------+-------++-------
Melee: Whip              |    88 |       |       |       ||    88
       Dagger            |    18 |   174 |   268 |   566 ||  1026
       Punch             |     1 |     3 |     6 |     6 ||    16
       Short sword       |       |       |     8 |       ||     8
 Cast: Freeze            |    23 |     6 |       |     5 ||    34
       Frozen Ramparts   |       |     1 |     6 |    31 ||    38
       Ozocubu's Armour  |       |       |       |     6 ||     6
       Hailstorm         |       |       |       |     4 ||     4
       Olgreb's Toxic Ra |       |       |       |     1 ||     1
       Airstrike         |       |       |       |     1 ||     1
Invok: Curse Item        |       |     3 |       |     3 ||     6
Evoke: Wand              |       |       |       |     9 ||     9
       Lightning rod     |       |       |       |     5 ||     5
  Use: Potion            |     1 |       |     1 |     9 ||    11
       Scroll            |       |    11 |     1 |     5 ||    17
 Stab: Sleeping          |     7 |     8 |    15 |    25 ||    55
       Distracted        |       |     1 |       |     2 ||     3
       Paralysed         |       |       |     5 |    15 ||    20
Armor: Robe              |    26 |    14 |    15 |    38 ||    93
Dodge: Dodged            |    88 |    97 |   111 |   310 ||   606
       Repelled          |       |       |       |     5 ||     5
Block: Other             |    15 |    81 |    80 |   203 ||   379
       Reflection        |       |       |       |     6 ||     6

Table legend: (Time is in decaauts)
 A = Elapsed time spent in this place.
 B = Non-inter-level travel time spent in this place.
 C = Inter-level travel time spent in this place.
 D = Time resting spent in this place.
 E = Time spent auto-exploring this place.
 F = Levels seen in this place.
 G = Mean time per level.
                   A        B        C        D        E       F      G
               +--------+--------+--------+--------+--------+-----+--------+
         Total |  20044 |  19630 |    414 |   7008 |   8663 |  15 | 1336.3 |
       Dungeon |  14539 |  14175 |    364 |   4425 |   7354 |  10 | 1453.9 |
          Lair |   4596 |   4547 |     49 |   2123 |   1309 |   3 | 1532.0 |
       Ossuary |    301 |    301 |      0 |    127 |      0 |   1 |  301.0 |
      Gauntlet |    607 |    607 |      0 |    333 |      0 |   1 |  607.0 |
               +--------+--------+--------+--------+--------+-----+--------+

Top non-repeatable levels by time:
  Lair:1: 2389 daAuts
     D:1: 2294 daAuts
     D:4: 1951 daAuts
     D:2: 1835 daAuts
  Lair:2: 1790 daAuts
    D:10: 1617 daAuts
     D:8: 1506 daAuts
     D:9: 1179 daAuts
     D:3: 1179 daAuts
     D:7: 1074 daAuts
     D:5: 1003 daAuts
     D:6: 897 daAuts
Gauntlet: 607 daAuts
  Lair:3: 416 daAuts
 Ossuary: 301 daAuts
